 Dungeon Crawl Stone Soup version 0.32-a0-306-gfed3edf829 (webtiles) character file.

Game seed: 10991621298728030936

134058 910rd the Carver (level 17, -3/146 HPs)
             Began as a Naga Enchanter on Feb 15, 2024.
             Was the Champion of Cheibriados.
             Hit by a large rock thrown by a cyclops (28 damage)
             ... on level 12 of the Dungeon.
             The game lasted 01:12:01 (20567 turns).

910rd the Carver (Naga Enchanter)                  Turns: 20567, Time: 01:12:02

Health: -3/146     AC: 19    Str: 27    XL:     17   Next: 16%
Magic:  27/27      EV: 13    Int: 34    God:    Cheibriados [******]
Gold:   2482       SH:  0    Dex: 30    Spells: 7/30 levels left

rFire   . . .        w - +8 demon blade "Leech" {evervamp, Harm ^Drain rN+}
rCold   . . .        (no shield)
rNeg    + + .        E - +2 troll leather armour {Snorg}
rPois   +            i - +0 helmet
rElec   .            t - +1 cloak
rCorr   .            G - +2 pair of gloves
SInv    +            e - +0 barding
Will    ++...        P - amulet of magic regeneration
Stlth   ++           o - +4 ring of slaying
HPRegen 1.24/turn    v - ring of positive energy
MPRegen 0.60/turn

%: harm (+30% outgoing, +20% incoming)
@: on fire, glowing, very slow
A: AC +5, large, see invisible, deformed body, poison resistance, slowness 2,
spit poison 1, naga tail 2
a: Spit Poison, Renounce Religion, Bend Time, Temporal Distortion, Slouch, Step
From Time


You were on level 12 of the Dungeon.
You worshipped Cheibriados.
Cheibriados was exalted by your worship.
You visited 4 branches of the dungeon, and saw 20 of its levels.
You also visited: Bailey and Volcano.

You collected 2482 gold pieces.

Inventory:

Hand Weapons
 n - the +7 spear of Deformation {drain, Int+4}
   (You took it off a kobold on level 2 of the Dungeon)

   Int+4:     It affects your intelligence (+4).
 w - the +8 demon blade "Leech" (weapon) {evervamp, Harm ^Drain rN+}
   (You found it on level 3 of the Dungeon)

   rN+:       It protects you from negative energy.
   ^Drain:    It drains your maximum health when unequipped.
   Harm:      It increases damage dealt and taken.
Missiles
 f - 26 poisoned darts
 r - 41 boomerangs (quivered)
 Z - 14 javelins
Armour
 a - the +1 hat of Ritot {Harm Will++ Dex-4}
   (You found it in a volcano)

   Dex-4:     It affects your dexterity (-4).
   Will++:    It greatly increases your willpower.
   Harm:      It increases damage dealt and taken.
 e - a +0 barding (worn)
 i - a +0 helmet (worn)
 q - a +3 leather armour of fire resistance
 t - a +1 cloak (worn)
 E - a +2 troll leather armour (worn) {Snorg}
 G - a +2 pair of gloves (worn)
 S - +0 fire dragon scales
 W - a +2 robe of cold resistance
Jewellery
 o - a +4 ring of slaying (left hand)
 v - a ring of positive energy (right hand)
 y - a ring of ice
 P - an amulet of magic regeneration (around neck)
 Q - a ring of resist corrosion
Wands
 C - a wand of digging (2)
 F - a wand of paralysis (18)
 I - a wand of quicksilver (6)
 J - a wand of polymorph (8)
 V - a wand of roots (14)
 Y - a wand of flame (6)
Scrolls
 b - 2 scrolls of summoning
 k - a scroll of blinking
 x - 8 scrolls of teleportation
 B - 2 scrolls of fear
 L - a scroll of immolation
 M - a scroll of enchant armour
 N - 4 scrolls of fog
 O - 3 scrolls of amnesia
 T - a scroll of revelation
 U - 6 scrolls of vulnerability
 X - 5 scrolls of identify
Potions
 c - a potion of cancellation
 d - 12 potions of curing
 g - 3 potions of lignification
 h - a potion of invisibility
 j - 7 potions of brilliance
 l - 4 potions of ambrosia
 m - 5 potions of heal wounds
 p - 4 potions of might
 u - 2 potions of resistance
 z - 3 potions of enlightenment
 A - a potion of attraction
 D - 4 potions of magic
 H - a potion of mutation
 R - a potion of berserk rage
Miscellaneous
 s - a box of beasts
 K - a lightning rod (4/4)


   Skills:
 - Level 8.0 Fighting
 - Level 1.0(9.0) Short Blades
 - Level 13.9(14.0) Long Blades
 - Level 6.0 Dodging
 - Level 8.0 Stealth
 - Level 7.0 Spellcasting
 + Level 12.7 Conjurations
 - Level 5.0 Hexes
 - Level 10.0 Summonings
 - Level 4.0 Necromancy
 - Level 6.0 Translocations
 - Level 2.0 Ice Magic
 - Level 4.0 Air Magic
 - Level 8.5 Earth Magic
 - Level 8.0 Invocations
 - Level 3.0 Evocations


You had 7 spell levels left.
You knew the following spells:

 Your Spells              Type           Power      Damage    Failure   Level
a - Ensorcelled Hibernat  Hex/Ice        70%        N/A       1%          2
b - Tukima's Dance        Hex            45%        N/A       1%          3
c - Vampiric Draining     Necr           39%        2d8       2%          3
d - Summon Forest         Summ/Tloc      30%        N/A       4%          5
e - Bombard               Conj/Erth      35%        9d6       8%          6
f - Vhi's Electric Charg  Tloc/Air       90%        N/A       4%          4

Your spell library contained the following spells:

 Spells                   Type           Power      Damage    Failure   Level
 Apportation              Tloc           100%       N/A       1%          1
 Necrotise                Necr           100%       1d9       1%          1
 Slow                     Hex            100%       N/A       1%          1
 Sting                    Conj/Alch      100%       1d9       1%          1
 Summon Small Mammal      Summ           100%       N/A       1%          1
 Call Imp                 Summ           100%       N/A       1%          2
 Static Discharge         Conj/Air       100%       3-8/arc   1%          2
 Confusing Touch          Hex            45%        N/A       1%          3
 Dazzling Flash           Conj/Hex       100%       N/A       1%          3
 Sigil of Binding         Hex            45%        N/A       1%          3
 Iskenderun's Mystic Bla  Conj/Tloc      66%        2d14      1%          4
 Iskenderun's Battlesphe  Conj           78%        2d13      1%          5
 Fugue of the Fallen      Necr           39%        N/A       2%          3
 Volatile Blastmotes      Fire/Tloc      64%        2d15      3%          3
 Anguish                  Hex/Necr       21%        N/A       6%          4
 Conjure Ball Lightning   Conj/Air       31%        3x3d10    21%         6
 Spellforged Servitor     Conj/Summ      36%        N/A       32%         7
 Monstrous Menagerie      Summ           34%        N/A       50%         7
 Haunt                    Necr/Summ      28%        N/A       88%         7
 Sculpt Simulacrum        Ice/Alch       9%         N/A       99%         6
 Borgnjor's Revivificati  Necr           19%        N/A       100%        8
 Discord                  Hex            22%        N/A       100%        8
 Disjunction              Tloc           25%        N/A       100%        8
 Infestation              Necr           19%        N/A       100%        8
 Death's Door             Necr           19%        N/A       100%        9


Dungeon Overview and Level Annotations

Branches:
Dungeon (12/15)            Temple (1/1) D:5            Lair (5/5) D:11
 Shoals (0/4) Lair:3        Snake (0/4) Lair:3        Slime (0/5) Lair:5
    Orc (2/2) D:10            Elf (0/3) Orc:2        Bailey (visited)
Volcano (visited)

Altars:
Ashenzari
Cheibriados
Dithmenos
Elyvilon
Fedhas
Gozag
Hepliaklqana
Kikubaaqudgha
Makhleb
Nemelex Xobeh
Okawaru
Qazlal
Ru
Sif Muna
Trog
Uskayaw
Vehumet
Wu Jian
Xom
Yredelemnul
Zin
The Shining One
Beogh
Jiyva

Shops:
D:4 (   Orc:2 ::*?


Innate Abilities, Weirdness & Mutations

Your serpentine skin is tough. (AC +5)
You have supernaturally acute eyesight. (SInv)
Armour fits poorly on your strangely shaped body.
Your system is resistant to poisons. (rPois)
You cover ground very slowly.
You can spit poison.
You can use your snake-like lower body to constrict enemies.


Message History

Magic restored.
You start resting.
HP restored.
A deep elf pyromancer comes into view. It is wielding a +0 short sword.
The deep elf pyromancer shouts!
The deep elf pyromancer casts a spell at you.
The pyre arrow hits you.
You are covered in intense liquid fire!
The deep elf pyromancer points at you and mumbles some strange words.
The pyre arrow hits you.
You are even more covered in intense liquid fire!
You shake off some of the fire as you move.
The liquid fire burns you!
The deep elf pyromancer hits you with a +0 short sword.
The deep elf pyromancer gestures at you while chanting.
The bolt of fire hits you!!!
You completely miss the deep elf pyromancer.
Your grab misses the deep elf pyromancer.
The liquid fire burns you!
You slice the deep elf pyromancer!!
You feel better.
You grab the deep elf pyromancer.
The deep elf pyromancer is severely wounded.
The liquid fire burns you!
You constrict the deep elf pyromancer.
You hear a shout!
The deep elf pyromancer hits you but does no damage.
You slash the deep elf pyromancer!
You feel better.
You kill the deep elf pyromancer!
Cheibriados appreciates the change of pace.
The liquid fire burns you!
You shake off some of the fire as you move.
The liquid fire burns you!
The cyclops throws a large rock.
The large rock hits you!!
Unknown command.
You shake off some of the fire as you move.
The liquid fire burns you!
* * * LOW HITPOINT WARNING * * *
The cyclops throws a large rock.
The large rock hits you!!
You die...
Cheibriados appreciates the motionlessness of death.

#################
................#
........)...@...##
.###..###†.###...#
#... #..).#.....#
#.. #....#.....# #.
###..###..##.# ..
#....#....##.# .
#C...#.......####
###..###..##.###[.##
#....#....#
.......##


You could see a cyclops.

Vanquished Creatures
  2 orc warlords
  Azrael (D:12)
  The ghost of Nulorelyt the Prestidigitator, a journeyman DsCK of Xom (Lair:3)
  Snorg (D:12)
  A fire dragon (Lair:5)
  6 hydras
  An ogre mage (Volcano)
  Fannar (D:11)
  3 boulder beetles
  8 two-headed ogres
  An orc high priest (Orc:2)
  Urug (Lair:5)
  A hell hog (Lair:5)
  Nergalle (Lair:3)
  2 skysharks
  2 lindwurms (Lair:5)
  An ugly thing (D:12)
  2 deep elf pyromancers (D:12)
  An oklob plant (Lair:5)
  3 manticores
  An orc sorcerer (Orc:2)
  The ghost of scarr the Trooper, a novice OnBe of Trog (D:5)
  A cyclops (D:12)
  6 elephants (Lair:4)
  2 black mambas (Lair:2)
  The ghost of Eugor the Conjurer, a novice DECj (D:6)
  6 kobold blastminers
  A salamander (Lair:3)
  15 cane toads
  2 gargoyles
  6 torpor snails (Lair:5)
  An unseen horror zombie (D:6)
  An unseen horror (D:12)
  3 rime drakes
  7 komodo dragons
  Psyche (D:8)
  6 trolls
  10 polar bears
  A wind drake (shapeshifter) (D:12)
  4 hornets
  5 blink frogs
  2 tyrant leeches (Lair:5)
  10 dream sheep
  A raiju (Lair:5)
  Sigmund (D:2)
  5 slime creatures (D:12)
  A yak (shapeshifter) (D:12)
  5 basilisks
  A wraith (D:10)
  3 wyverns
  24 yaks
  2 fire elementals (D:12)
  Grum (D:8)
  7 wargs
  A swamp worm (D:12)
  3 steam dragons
  An acid dragon (D:9)
  15 hell hounds
  15 water moccasins
  32 orc warriors
  A swamp drake (D:10)
  2 ice beasts
  6 black bears (Lair:5)
  6 ogres
  30 wolves
  9 centaurs
  4 phantoms
  2 kobold brigands
  14 bullfrogs
  A gnoll sergeant (D:10)
  2 scorpions
  5 killer bees (D:10)
  5 howler monkeys
  2 electric eels (D:8)
  A wyvern simulacrum (D:8)
  Crazy Yiuf (D:2)
  6 bombardier beetles
  A gnoll bouda (D:6)
  10 orc priests
  7 hounds
  2 jellies (D:7)
  A centaur skeleton (D:6)
  5 iguanas
  3 sleepcaps
  12 orc wizards
  A centaur simulacrum (D:8)
  A spectral howler monkey (D:6)
  20 gnolls
  6 adders
  A shadow imp (D:8)
  A howler monkey simulacrum (D:8)
  3 white imps
  4 ufetubi
  A ribbon worm (D:2)
  2 dart slugs
  69 orcs
  3 endoplasms
  8 giant cockroaches
  8 goblins
  9 hobgoblins
  3 jackals (D:1)
  A quokka (D:2)
  6 ball pythons
  4 bats
  7 frilled lizards
  25 kobolds
  3 rats
575 creatures vanquished.

Vanquished Creatures (collateral kills)
  A hydra (Lair:2)
  A boulder beetle (Lair:5)
  A two-headed ogre (Volcano)
  A hell knight (Volcano)
  2 orc knights (Orc:2)
  3 black mambas
  A kobold blastminer (Orc:2)
  2 elephants (Lair:4)
  3 cane toads
  A torpor snail (Lair:5)
  3 rime drakes
  5 komodo dragons
  3 polar bears (Lair:5)
  A tyrant leech (Lair:5)
  4 hornets (Lair:5)
  7 blink frogs
  9 dream sheep
  3 slime creatures (D:12)
  7 yaks
  A wyvern (Lair:5)
  2 wargs
  6 hell hounds (Lair:5)
  3 water moccasins
  10 orc warriors
  5 black bears (Lair:5)
  3 ogres
  9 wolves
  4 centaurs
  A bullfrog (Lair:4)
  2 lava snakes (Lair:3)
  A hound (Lair:1)
  An orc priest (Orc:2)
  An orc wizard (Orc:1)
  A howler monkey simulacrum (D:6)
  10 orcs
118 creatures vanquished.

Vanquished Creatures (others)
  A dancing weapon (Bailey)
  15 snaplasher vines
16 creatures vanquished.

Grand Total: 709 creatures vanquished

Notes
Turn   | Place    | Note
-------+----------+-------------------------------------------
     0 | D:1      | 910rd the Naga Enchanter began the quest for the Orb.
     0 | D:1      | Reached XP level 1. HP: 15/15 MP: 3/3
    84 | D:1      | Reached skill level 5 in Stealth
   245 | D:1      | Reached skill level 1 in Fighting
   245 | D:1      | Reached XP level 2. HP: 20/25 MP: 5/5
   354 | D:1      | Learned a level 2 spell: Ensorcelled Hibernation
   446 | D:1      | Reached skill level 1 in Ice Magic
   643 | D:1      | Reached XP level 3. HP: 31/31 MP: 6/6
   800 | D:2      | Noticed Sigmund
   814 | D:2      | Killed Sigmund
   815 | D:2      | Reached XP level 4. HP: 29/39 MP: 2/7
   815 | D:2      | Reached XP level 5. HP: 34/45 MP: 2/8
   977 | D:2      | Identified the +7 spear of Deformation {drain, Int+4}
  1188 | D:2      | Reached XP level 6. HP: 52/52 MP: 9/9
  1530 | D:2      | Found a runed translucent door.
  1531 | D:2      | Noticed Crazy Yiuf
  1640 | D:2      | Killed Crazy Yiuf
  1878 | D:3      | Found the +8 demon blade "Leech" {evervamp, Harm ^Drain
                  | rN+}
  2373 | D:4      | Found a shimmering blue altar of Sif Muna.
  2375 | D:4      | Found Sustrucott's Antique Weapon Boutique.
  2378 | D:4      | Found an iron altar of Okawaru.
  2608 | D:4      | Found an opulent altar of Gozag.
  2685 | D:4      | Reached XP level 7. HP: 62/62 MP: 10/10
  3006 | D:4      | Reached skill level 1 in Long Blades
  3089 | D:4      | Reached skill level 2 in Long Blades
  3090 | D:4      | HP: 2/62 [iguana (11)]
  3336 | D:4      | Reached skill level 3 in Long Blades
  3433 | D:5      | Entered Level 5 of the Dungeon
  3469 | D:5      | Reached skill level 4 in Long Blades
  3488 | D:5      | Found a staircase to the Ecumenical Temple.
  3498 | Temple   | Entered the Ecumenical Temple
  3515 | Temple   | Became a worshipper of Cheibriados the Contemplative
  3552 | D:5      | Found a basalt altar of Yredelemnul.
  3560 | D:5      | Reached XP level 8. HP: 69/69 MP: 11/11
  3583 | D:5      | Reached skill level 5 in Long Blades
  3935 | D:5      | Reached skill level 6 in Long Blades
  4389 | D:5      | Found a transporter.
  4390 | D:5      | Noticed scarr's ghost (novice OnBe)
  4391 | D:5      | Found a transporter.
  4393 | D:5      | Identified the +5 giant club "Caucoken" {spect, ^Contam
                  | rF+++ Str+3}
  4418 | D:5      | Reached skill level 7 in Long Blades
  4980 | D:6      | Found a runed translucent gate.
  4980 | D:6      | Found a runed translucent gate.
  4980 | D:6      | Found a runed translucent gate.
  4981 | D:6      | Noticed Eugor's ghost (novice DECj)
  5186 | D:6      | Reached * piety under Cheibriados
  5187 | D:6      | Reached skill level 8 in Long Blades
  5195 | D:6      | Reached XP level 9. HP: 66/75 MP: 12/12
  5621 | D:7      | Reached skill level 9 in Long Blades
  5913 | D:7      | Found a white marble altar of Elyvilon.
  5949 | D:7      | Reached ** piety under Cheibriados
  5961 | D:7      | Got the Secrets of Frostbite and Finality
  5971 | D:7      | Reached skill level 10 in Long Blades
  6063 | D:7      | Noticed a hornet
  6068 | D:7      | Killed a hornet
  6207 | D:7      | Reached skill level 11 in Long Blades
  6471 | D:8      | Noticed a polar bear
  6537 | D:8      | Reached XP level 10. HP: 84/84 MP: 13/13
  6541 | D:8      | Reached *** piety under Cheibriados
  6573 | D:8      | Reached skill level 12 in Long Blades
  6689 | D:8      | Noticed Grum
  6739 | D:8      | Killed Grum
  6933 | D:8      | Reached skill level 13 in Long Blades
  7205 | D:8      | Noticed Psyche
  7211 | D:8      | Killed Psyche
  7622 | D:9      | Found a flagged portal.
  7635 | Bailey   | Entered a bailey
  7640 | Bailey   | Noticed an orc warlord
  7658 | Bailey   | Reached **** piety under Cheibriados
  7755 | Bailey   | Found a runed translucent gate.
  7757 | Bailey   | Found a runed translucent gate.
  7758 | Bailey   | Found a runed translucent gate.
  7814 | Bailey   | Learned a level 3 spell: Tukima's Dance
  7885 | Bailey   | Killed an orc warlord
  7886 | Bailey   | Reached skill level 5 in Hexes
  7886 | Bailey   | Reached XP level 11. HP: 90/90 MP: 11/14
  7901 | Bailey   | Got Xyjaoxuq's Tome of Companions and the Welkin
  7912 | Bailey   | Got the Tome of the Map
  7917 | Bailey   | Learned a level 3 spell: Vampiric Draining
  8050 | D:9      | Noticed a two-headed ogre
  8057 | D:9      | Killed a two-headed ogre
  8219 | D:9      | Noticed a two-headed ogre
  8226 | D:9      | Killed a two-headed ogre
  8227 | D:9      | Reached skill level 1 in Summonings
  8312 | D:9      | Found a shadowy altar of Dithmenos.
  8326 | D:9      | Found an ornate altar of the Wu Jian Council.
  8407 | D:9      | Reached ***** piety under Cheibriados
  8812 | D:10     | Entered Level 10 of the Dungeon
  8812 | D:10     | Noticed a two-headed ogre
  8815 | D:10     | Killed a two-headed ogre
  8885 | D:10     | Noticed a two-headed ogre
  8892 | D:10     | Killed a two-headed ogre
  8893 | D:10     | Reached skill level 5 in Summonings
  9334 | D:10     | Found a blossoming altar of Fedhas.
  9664 | D:10     | Found a staircase to the Orcish Mines.
  9831 | D:11     | Reached skill level 5 in Translocations
  9868 | D:11     | Noticed Fannar
  9869 | D:11     | Noticed a manticore
  9873 | D:11     | Killed a manticore
  9883 | D:11     | Killed Fannar
  9884 | D:11     | Reached skill level 5 in Spellcasting
  9884 | D:11     | Reached skill level 1 in Invocations
  9884 | D:11     | Reached XP level 12. HP: 74/97 MP: 17/19
 10002 | D:11     | Found a staircase to the Lair.
 10015 | D:11     | Noticed a boulder beetle
 10026 | D:11     | Killed a boulder beetle
 10477 | Lair:1   | Entered Level 1 of the Lair of Beasts
 10592 | Lair:1   | Noticed a boulder beetle
 10608 | Lair:1   | Killed a boulder beetle
 10609 | Lair:1   | Reached skill level 5 in Invocations
 10609 | Lair:1   | Gained mutation: You can use your snake-like lower body to
                  | constrict enemies. [Naga growth]
 10609 | Lair:1   | Reached XP level 13. HP: 86/105 MP: 20/20
 10616 | Lair:1   | Learned a level 5 spell: Summon Forest
 10669 | Lair:1   | Reached skill level 5 in Fighting
 11029 | Lair:1   | Reached ****** piety under Cheibriados
 11072 | Lair:1   | Reached skill level 10 in Summonings
 11607 | Lair:2   | HP: 5/111 [six-headed hydra (14)]
 11981 | Lair:2   | Reached skill level 5 in Dodging
 12528 | Lair:2   | Reached XP level 14. HP: 126/126 MP: 21/21
 12682 | Lair:3   | Noticed Nergalle
 12694 | Lair:3   | Killed Nergalle
 12895 | Lair:3   | Reached skill level 1 in Evocations
 12936 | Lair:3   | Found a staircase to the Shoals.
 12946 | Lair:3   | Found a large runed translucent door.
 12947 | Lair:3   | Found a large runed translucent door.
 13093 | Lair:3   | Found a staircase to the Snake Pit.
 13449 | Lair:3   | Noticed Nulorelyt's ghost (journeyman DsCK)
 13765 | Lair:4   | Reached skill level 1 in Conjurations
 14217 | Lair:4   | Reached skill level 5 in Conjurations
 14479 | Lair:5   | Entered Level 5 of the Lair of Beasts
 14578 | Lair:5   | Found a viscous altar of Jiyva.
 14579 | Lair:5   | Found a staircase to the Slime Pits.
 14700 | Lair:5   | Noticed Urug
 14709 | Lair:5   | Killed Urug
 14833 | Lair:5   | Reached XP level 15. HP: 132/132 MP: 19/24
 15478 | Lair:5   | Reached skill level 10 in Conjurations
 16481 | Lair:5   | Identified the blade talisman of the Evening Star {Dex+4}
 16994 | D:5      | Killed scarr's ghost
 17248 | D:6      | Killed Eugor's ghost
 17507 | Lair:3   | Killed Nulorelyt's ghost
 17508 | Lair:3   | Reached skill level 1 in Earth Magic
 17646 | Orc:1    | Entered Level 1 of the Orcish Mines
 18104 | Orc:2    | Entered Level 2 of the Orcish Mines
 18113 | Orc:2    | Noticed an orc warlord
 18123 | Orc:2    | Killed an orc warlord
 18211 | Orc:2    | Found a dark tunnel.
 18232 | Volcano  | Entered a volcano
 18335 | Volcano  | Reached skill level 5 in Earth Magic
 18343 | Volcano  | Identified the +1 hat of Ritot {Harm Will++ Dex-4}
 18720 | Orc:2    | Reached XP level 16. HP: 140/140 MP: 25/25
 18728 | Orc:2    | Learned a level 6 spell: Bombard
 18894 | Orc:2    | Found a roughly hewn altar of Beogh.
 19244 | Orc:2    | Reached skill level 1 in Air Magic
 19350 | Orc:2    | Learned a level 4 spell: Vhi's Electric Charge
 19366 | Orc:2    | Found a staircase to the Elven Halls.
 19686 | Orc:2    | Found Eptepo's Assorted Antiques.
 19686 | Orc:2    | Found Eveynwe's Book Boutique.
 19688 | Orc:2    | Found Porer's Book Shop.
 19690 | Orc:2    | Found Aral's Magic Scroll Shoppe.
 20044 | D:12     | Noticed Azrael
 20050 | D:12     | Killed Azrael
 20055 | D:12     | Reached XP level 17. HP: 146/146 MP: 21/27
 20075 | D:12     | Noticed Nessos
 20080 | D:12     | Nessos changed into Nessos the swamp worm
 20080 | D:12     | Noticed Nessos
 20087 | D:12     | Killed Nessos the swamp worm
 20097 | D:12     | Noticed Snorg
 20104 | D:12     | Killed Snorg
 20567 | D:12     | Hit by a large rock thrown by a cyclops

Illustrated notes

Levels and vault maps discovered:
D:1:      hellmonk_arrival_library, layout_basic
D:2:      layout_loops_ring, grunt_ministairs_7, kennysheep_big_empty_room,
          uniq_sigmund, uniq_crazy_yiuf_cottage
D:3:      layout_basic, minmay_misc_feat_alley, chequers_garden,
          nicolae_elevator_lobby_plus
D:4:      layout_basic, overflow_temple_1_default, overflow_temple_1_default,
          lemuel_tele_altar, serial_shops, shop, roderic_filled_cross
D:5:      layout_loops_ring, old_standard_altar, minmay_temple_entry_large_hall,
          gammafunk_ghost_smash, kennysheep_small_spiral,
          kennysheep_nondescript, kennysheep_cross_room
D:6:      layout_basic, gammafunk_ghost_necromancy, minmay_checkerbox
D:7:      layout_basic, marbit_many_paths, minmay_quadrilaterals
D:8:      layout_cave_pools, serial_ice, serial_ice_d, serial_ice_i,
          serial_ice_h, serial_ice_f, uniq_psyche, uniq_grum
D:9:      layout_loops_ring, amethyst_overflow_temple_binary, enter_bailey_7
D:10:     layout_basic, fedhas_altar_fruit_tree, erik_orc_1
D:11:     layout_roguey, lair_entry_dummy, uniq_fannar
D:12:     minmay_stepped, layout_cave_pools, uniq_snorg, uniq_azrael,
          uniq_nessos
Temple:   eino_temple_water
Lair:1:   beast_lair_carwin_large_4, layout_chaotic_city
Lair:2:   nzn_winding_woodlands_medium [nzn_winding_woodlands_hourglass,
          nzn_winding_woodlands_5x15_cabin, nzn_winding_woodlands_5x5_default,
          nzn_winding_woodlands_5x5_open_star,
          nzn_winding_woodlands_center_garden,
          nzn_winding_woodlands_5x5_checkerboard,
          nzn_winding_woodlands_5x5_cross,
          nzn_winding_woodlands_5x15_pathside_ponds,
          nzn_winding_woodlands_5x5_perimeter], layout_chaotic_city
Lair:3:   layout_regular_city, minmay_shoals_entry_centaurs,
          nicolae_snake_entry_warm_welcome, ebering_ghost_disaster_area,
          serial_bayou_pond_a, infiniplex_staircase_pool, lemuel_fruit_tree,
          uniq_nergalle
Lair:4:   layout_roguey, st_stairs_13
Lair:5:   wormcave, layout_concentric_octagons,
          hangedman_lair_caniforms_friends, dpeg_slime_entry_enclosed, uniq_urug
Orc:1:    layout_caves
Orc:2:    st_orc_rangers, layout_diamond_mine, enter_volcano_1, mines1_david

Skill      XL: |  1  2  3  4  5  6  7  8  9 10 11 12 13 14 15 16 17 |
---------------+----------------------------------------------------+-----
Stealth        | 5 8 |  8.0
Fighting       | 1 2 3 8 |  8.0
Ice Magic      | 1 2 |  2.0
Dodging        | 2 3 5 6 |  6.0
Hexes          | 4 5 |  5.0
Long Blades    | 4 8 11 13 | 13.9
Necromancy     | 3 4 |  4.0
Spellcasting   | 5 6 7 |  7.0
Summonings     | 5 9 10 | 10.0
Translocations | 5 6 |  6.0
Invocations    | 1 5 6 8 |  8.0
Evocations     | 3 |  3.0
Conjurations   | 8 12 | 12.7
Earth Magic    | 8 |  8.5
Air Magic      | 3 4 |  4.0
Short Blades   | |  1.0

Action                     |  1- 3 |  4- 6 |  7- 9 | 10-12 | 13-15 | 16-18 || total
---------------------------+-------+-------+-------+-------+-------+-------++-------
  Melee: Dagger            |    39 |    57 |    90 |       |       |       ||   186
         Spear             |       |    19 |    77 |       |       |       ||    96
         Demon blade       |       |       |    59 |   282 |   465 |    94 ||   900
         Constrict         |       |       |       |       |   115 |    20 ||   135
  Throw: Boomerang         |       |       |       |       |     1 |       ||     1
   Cast: Ensorcelled Hiber |     4 |     5 |    17 |     4 |       |       ||    30
         Tukima's Dance    |       |       |       |     1 |       |       ||     1
         Summon Forest     |       |       |       |       |    50 |     7 ||    57
         Vampiric Draining |       |       |       |       |     8 |       ||     8
         Vhi's Electric Ch |       |       |       |       |       |     3 ||     3
         Bombard           |       |       |       |       |       |     3 ||     3
 Invoke: Temporal Distorti |       |       |       |     1 |       |       ||     1
         Slouch            |       |       |       |       |     5 |     4 ||     9
Ability: Spit Poison       |    11 |     5 |     4 |       |       |       ||    20
  Evoke: Wand              |       |       |       |     2 |     7 |     3 ||    12
    Use: Potion            |     1 |     1 |     3 |     1 |     3 |     1 ||    10
         Scroll            |       |     6 |    12 |     6 |     6 |     2 ||    32
   Stab: Sleeping          |     4 |    20 |    22 |    14 |     7 |       ||    67
         Invisible         |       |     2 |     2 |       |       |       ||     4
         Distracted        |       |       |     1 |       |    15 |     2 ||    18
         Paralysed         |       |       |       |     1 |       |       ||     1
         Confused          |       |       |       |     1 |       |       ||     1
 Armour: Robe              |    24 |    51 |   148 |    58 |   469 |    68 ||   818
         Animal skin       |       |       |       |   195 |       |       ||   195
         Fire dragon scale |       |       |       |       |    32 |       ||    32
         Troll leather arm |       |       |       |       |       |    54 ||    54
  Dodge: Dodged            |    21 |    29 |   113 |   212 |   427 |   124 ||   926

Table legend: (Time is in decaauts)
 A = Elapsed time spent in this place.
 B = Non-inter-level travel time spent in this place.
 C = Inter-level travel time spent in this place.
 D = Time resting spent in this place.
 E = Time spent auto-exploring this place.
 F = Levels seen in this place.
 G = Mean time per level.
                   A        B        C        D        E       F      G
               +--------+--------+--------+--------+--------+-----+--------+
         Total |  38517 |  34216 |   4301 |   2315 |  23979 |  22 | 1750.8 |
       Dungeon |  19525 |  16499 |   3026 |    909 |  12442 |  12 | 1627.1 |
        Temple |     53 |      3 |     50 |      0 |      0 |   1 |   53.0 |
          Lair |  13315 |  12324 |    991 |    885 |   8999 |   5 | 2663.0 |
  Orcish Mines |   4077 |   3843 |    234 |    409 |   2092 |   2 | 2038.5 |
        Bailey |    669 |    669 |      0 |      0 |    131 |   1 |  669.0 |
       Volcano |    876 |    876 |      0 |    111 |    313 |   1 |  876.0 |
               +--------+--------+--------+--------+--------+-----+--------+

Top non-repeatable levels by time:
  Lair:5: 4298 daAuts
   Orc:2: 2944 daAuts
     D:6: 2799 daAuts
  Lair:2: 2767 daAuts
  Lair:3: 2317 daAuts
  Lair:1: 2232 daAuts
    D:10: 2155 daAuts
     D:9: 2149 daAuts
     D:5: 1862 daAuts
     D:8: 1740 daAuts
  Lair:4: 1699 daAuts
     D:7: 1688 daAuts
    D:11: 1536 daAuts
     D:2: 1389 daAuts
     D:4: 1276 daAuts
